 Dungeon Crawl Stone Soup version 0.27-a0-1193-g8631133539 (webtiles) character file.

Game seed: 8036960427646791000

336 THECHAMP the Covered (level 6, -2/53 HPs)
             Began as a Minotaur Fighter on May 25, 2021.
             Splashed by a jelly's acid (8 damage)
             ... created by Jiyva
             ... on level 5 of the Dungeon.
             The game lasted 00:13:29 (4548 turns).

THECHAMP the Covered (Minotaur Fighter)             Turns: 4548, Time: 00:13:29

Health: -2/53      AC: -4    Str: 21    XL:     6   Next: 28%
Magic:  5/5        EV:  8    Int:  7    God:
Gold:   91         SH:  9    Dex:  9    Spells: 5/5 levels left

rFire    . . .     SeeInvis .   a - +0 war axe
rCold    . . .     Faith    .   c - +0 kite shield
rNeg     . . .     Spirit   .   b - +0 scale mail
rPois    .         Reflect  .   (helmet restricted)
rElec    .         Harm     .   (no cloak)
rCorr    .         Rampage  .   (no gloves)
Will     .....                  (no boots)
Stlth    ..........             l - amulet of the acrobat
HPRegen  0.17/turn              f - +4 ring of slaying
MPRegen  0.09/turn              (no ring)

@: corroded
A: horns 2, retaliatory headbutt
a: no special abilities


You were on level 5 of the Dungeon.
You visited 1 branch of the dungeon, and saw 4 of its levels.

You collected 91 gold pieces.

Inventory:

Hand Weapons
 a - a +0 war axe (weapon)
 j - a +0 short sword
 k - a +0 club
 q - a +0 falchion
 s - a +2 dagger of speed
 v - a +0 halberd
 w - a +0 war axe
 x - a +1 spear of distortion
Missiles
 e - 19 stones (quivered)
 i - 22 sling bullets
Armour
 b - a +0 scale mail (worn)
 c - a +0 kite shield (worn)
 n - a +0 leather armour
 p - a +0 ring mail
Jewellery
 f - a +4 ring of slaying (left hand)
 l - an amulet of the acrobat (around neck)
 m - a ring of fire
Wands
 d - a wand of flame (37)
Scrolls
 g - 3 scrolls of identify {unknown}
 h - 2 scrolls of enchant weapon {unknown}
 o - 2 scrolls of vulnerability {unknown}
 u - a scroll of magic mapping {unknown}
Potions
 r - a potion of mutation {unknown}
 t - a potion of heal wounds {unknown}


   Skills:
 + Level 4.6 Fighting
 + Level 4.7 Axes
 + Level 5.5 Armour
 + Level 2.0 Dodging
 + Level 0.1 Stealth
 + Level 4.8 Shields


You had 5 spell levels left.
You didn't know any spells.
Your spell library was empty.

Dungeon Overview and Level Annotations

Branches:
Dungeon (5/15)             Temple (0/1) D:5

Altars:
Uskayaw
Jiyva

Shops:
D:1 [


Innate Abilities, Weirdness & Mutations

You have a pair of horns on your head.
You reflexively headbutt those who attack you in melee.


Message History

w - a +0 war axe You now have 91 gold pieces (gained 17).
You see here a +0 scale mail.
Found a glowing spear.
You see here a +1 spear of distortion.
x - a +1 spear of distortion
Found 21 bolts.
A jelly and a gnoll come into view.
You slash the gnoll!
The gnoll is severely wounded.
You block the gnoll's attack. The jelly closely misses you.
Your shield and scale mail prevent you from hitting the gnoll.
The gnoll is severely wounded.
You hit the jelly.
Your hands burn!
The gnoll hits you with a +0 flail. The jelly hits you but does no damage.
You completely miss the gnoll. You headbutt the gnoll.
You kill the gnoll!
Your shield prevents you from hitting the jelly.
The jelly barely misses you. You block the jelly's attack. The jelly hits you.
You are splashed with acid!
You slash the jelly! The acid corrodes you!
Your hands burn!
You headbutt the jelly.
The jelly is heavily wounded.
The jelly barely misses you.
You hit the jelly.
Your hands burn!
You headbutt the jelly.
The jelly is severely wounded.
The jelly closely misses you. x2
You hit the jelly.
Your hands burn!
The jelly is almost dead.
The jelly hits you. The acid corrodes you!
You are splashed with acid!
You hit the jelly.
Your hands burn!
The jelly is almost dead.
The jelly hits you.
You are splashed with acid!
* * * LOW HITPOINT WARNING * * *
Your scale mail prevents you from hitting the jelly.
The jelly is almost dead.
The jelly hits you.
* * * LOW HITPOINT WARNING * * *
The acid corrodes you!
You are splashed with acid!
You die...

#..... ..
#######....#
'##
..........#....
.........#...
#.......'.
#.......# #.#
#....J)(# #.#
#...@..# #^#
#......# #.#
###....# #.#
#....# #.#
#....# #.#
#....#
#.########....#
#.............#
##########....#
#


You could see a jelly.

Vanquished Creatures
  A gnoll sergeant (D:5)
  A hound (D:5)
  An orc priest (D:5)
  Ijyb (D:5)
  An iguana (D:5)
  A scorpion zombie (D:5)
  2 orc wizards (D:5)
  A hound skeleton (D:5)
  2 gnolls (D:5)
  An adder (D:2)
  An ufetubus (D:5)
  2 worms
  6 orcs
  A giant cockroach (D:3)
  3 goblins (D:1)
  4 hobgoblins
  4 jackals (D:1)
  5 ball pythons
  3 bats
  2 frilled lizards (D:1)
  2 rats (D:1)
45 creatures vanquished.

Vanquished Creatures (others)
  An adder (D:2)
  An ufetubus (D:5)
  3 orcs (D:5)
  3 ball pythons (D:2)
  4 hobgoblins
  2 jackals (D:2)
  9 kobolds
  A quokka (D:2)
  2 bats (D:2)
  A frilled lizard (D:3)
  5 rats
  7 fungi (D:2)
  2 plants (D:1)
  9 toadstools (D:2)
50 creatures vanquished.

Grand Total: 95 creatures vanquished

Notes
Turn   | Place    | Note
-------+----------+-------------------------------------------
     0 | D:1      | THECHAMP the Minotaur Fighter began the quest for the Orb.
     0 | D:1      | Reached XP level 1. HP: 19/19 MP: 0/0
   257 | D:1      | Reached XP level 2. HP: 21/27 MP: 1/1
   568 | D:1      | Found a faded altar of an unknown god.
   576 | D:1      | Reached skill level 4 in Armour
   696 | D:1      | Became a worshipper of Jiyva Julaph the Shapeless
   696 | D:1      | Reached * piety under Jiyva
   737 | D:1      | Found Enoejofa's Armour Shop.
  2015 | D:2      | Reached XP level 3. HP: 18/33 MP: 2/2
  2204 | D:2      | Reached ** piety under Jiyva
  3464 | D:3      | You fall into a shaft and drop 2 floors!
  3464 | D:5      | Entered Level 5 of the Dungeon
  3583 | D:5      | Noticed Ijyb
  3595 | D:5      | Killed Ijyb
  3596 | D:5      | Reached XP level 4. HP: 21/40 MP: 3/3
  3929 | D:5      | Fell from the grace of Jiyva
  3956 | D:5      | Found a staircase to the Ecumenical Temple.
  3975 | D:5      | Reached skill level 1 in Dodging
  3992 | D:5      | Reached skill level 5 in Armour
  3992 | D:5      | Reached XP level 5. HP: 37/46 MP: 4/4
  4167 | D:5      | Found a hide-covered altar of Uskayaw.
  4259 | D:5      | Reached XP level 6. HP: 14/53 MP: 5/5
  4548 | D:5      | Splashed by a jelly's acid

Illustrated notes

Levels and vault maps discovered:
D:1:      kilobyte_arrival_exit_the_forest, layout_basic,
          ebering_ecumenical_altar_mist, serial_shops, shop,
          minmay_misc_feat_columns
D:2:      cheibrodos_fertilizer, layout_basic
D:3:      layout_rooms, kennysheep_cross_room, minmay_stone_trees_small
D:5:      layout_basic, lemuel_round_altar, minmay_temple_entry_ruins,
          dk_rats_in_the_wall, uniq_ijyb, uniq_menkaure

Skill      XL: |  1  2  3  4  5 |
---------------+----------------+-----
Shields        | 4 |  4.8
Armour         | 4 5 |  5.5
Fighting       | 4 |  4.6
Axes           | 3 4 |  4.7
Dodging        | 1 2 |  2.0
Stealth        | |  0.1

Action                   |  1- 3 |  4- 6 || total
-------------------------+-------+-------++-------
Melee: War axe           |    62 |    42 ||   104
       Headbutt          |     6 |    11 ||    17
Invok: Request Jelly     |     1 |       ||     1
       Renounce Religion |       |     1 ||     1
  Use: Potion            |     1 |       ||     1
Armor: Scale mail        |    24 |     8 ||    32
Dodge: Dodged            |    40 |    19 ||    59
Block: Kite shield       |    46 |    22 ||    68

Table legend: (Time is in decaauts)
 A = Elapsed time spent in this place.
 B = Non-inter-level travel time spent in this place.
 C = Inter-level travel time spent in this place.
 D = Time resting spent in this place.
 E = Time spent auto-exploring this place.
 F = Levels seen in this place.
 G = Mean time per level.
                   A        B        C        D        E       F      G
               +--------+--------+--------+--------+--------+-----+--------+
         Total |   4612 |   4612 |      0 |   2193 |   1601 |   4 | 1153.0 |
       Dungeon |   4612 |   4612 |      0 |   2193 |   1601 |   4 | 1153.0 |
               +--------+--------+--------+--------+--------+-----+--------+

Top non-repeatable levels by time:
     D:1: 2005 daAuts
     D:2: 1412 daAuts
     D:5: 1108 daAuts
     D:3: 86 daAuts
